 Dungeon Crawl Stone Soup version 0.31.0-1-g2c135a0 (webtiles) character file.

Game seed: 16336385711476255105

3 bonegar the Sneak (level 1, 0/15 HPs)
             Began as a Naga Enchanter on Feb 13, 2024.
             Slain by an endoplasm (3 damage)
             ... on level 1 of the Dungeon.
             The game lasted 00:01:03 (166 turns).

bonegar the Sneak (Naga Enchanter)                   Turns: 166, Time: 00:01:04

Health: 0/15       AC:  1    Str: 10    XL:     1   Next: 50%
Magic:  3/3        EV: 10    Int: 15    God:
Gold:   0          SH:  0    Dex: 11    Spells: 4/4 levels left

rFire   . . .        a - +1 dagger
rCold   . . .        (no shield)
rNeg    . . .        b - +0 robe
rPois   +            (no helmet)
rElec   .            (no cloak)
rCorr   .            (no gloves)
SInv    +            (no barding)
Will    .....        (no amulet)
Stlth   ++           (no ring)
HPRegen 0.22/turn    (no ring)
MPRegen 0.08/turn

%: no passive effects
@: very slow
A: AC +0, large, see invisible, deformed body, poison resistance, slowness 2,
spit poison 1, naga tail 1
a: Spit Poison


You were on level 1 of the Dungeon.
You visited 1 branch of the dungeon, and saw 1 of its levels.

Inventory:

Hand Weapons
 a - a +1 dagger (weapon)
Armour
 b - a +0 robe (worn)
Potions
 c - 2 potions of invisibility
 d - a potion of brilliance {unknown}


   Skills:
 + Level 1.0 Short Blades
 + Level 1.7 Dodging
 + Level 4.4 Stealth
 + Level 2.1 Spellcasting
 + Level 3.0 Hexes


You had 4 spell levels left.
You didn't know any spells.
Your spell library contained the following spells:

 Spells                   Type           Power      Damage    Failure   Level
 Ensorcelled Hibernation  Hex/Ice        12%        N/A       19%         2
 Confusing Touch          Hex            10%        N/A       19%         3
 Tukima's Dance           Hex            10%        N/A       19%         3
 Dazzling Flash           Conj/Hex       12%        N/A       34%         3


Dungeon Overview and Level Annotations

Branches:
Dungeon (1/15)

Altars:


Innate Abilities, Weirdness & Mutations

Your serpentine skin is tough. (AC +0)
You have supernaturally acute eyesight. (SInv)
Armour fits poorly on your strangely shaped body.
Your system is resistant to poisons. (rPois)
You cover ground very slowly.
You can spit poison.
You have a snake-like lower body.


Message History

The giant cockroach bites you.
* * * LOW HITPOINT WARNING * * *
You hit the giant cockroach but do no damage.
The giant cockroach is severely wounded.
The giant cockroach bites you.
* * * LOW HITPOINT WARNING * * *
You hit the giant cockroach.
You kill the giant cockroach!
You start resting.
HP restored.
A rat comes into view.
Found a sedimented blue potion.
The helpless rat fails to defend itself.
You impale the rat!!
You kill the rat!
You see here a rat corpse.
d - a sedimented blue potion You see here a rat corpse.
An endoplasm comes into view.
A hobgoblin comes into view.
The hobgoblin shouts!
Found a robe.
The hobgoblin closely misses you.
The hobgoblin attacks as it pursues you!
The hobgoblin hits you. The hobgoblin hits you. x2
You completely miss the hobgoblin. The hobgoblin closely misses you.
The endoplasm quivers.
You hit the hobgoblin.
The hobgoblin is severely wounded.
The endoplasm barely misses you. The hobgoblin hits you.
* * * LOW HITPOINT WARNING * * *
You hit the hobgoblin but do no damage.
The hobgoblin is severely wounded.
A bat comes into view.
The endoplasm closely misses you. The hobgoblin closely misses you.
The bat moves out of view.
You barely miss the hobgoblin.
The hobgoblin is severely wounded.
The endoplasm hits you.
You die...

..........###.#
##.#........#.#
#.......#..#.###########
#.#.....#..............#
#.#.....................
#.#.#+#.#..............#
#.#........#...........#
#.###.#.#.##...........#
#.#...#.#......@g.......
#.#.# # #####..J........
#.#.# #...........
##'#.### # #..........[
#......#.# ######......
#......#.# ......
#........# ......
#......### ....b.
#...)..# .....


You could see an endoplasm, a hobgoblin and a bat (wandering).

Vanquished Creatures
  A giant cockroach (D:1)
  A goblin (D:1)
  A rat (D:1)
3 creatures vanquished.

Notes
Turn   | Place    | Note
-------+----------+-------------------------------------------
     0 | D:1      | bonegar the Naga Enchanter began the quest for the Orb.
     0 | D:1      | Reached XP level 1. HP: 15/15 MP: 3/3
   166 | D:1      | Slain by an endoplasm

Illustrated notes

Levels and vault maps discovered:
D:1:      minmay_arrival_three_doors, layout_basic,
          shapermc_ecumenical_altar_notcrosses, serial_shops, shop

Action                     || total
---------------------------++-------
  Melee: Dagger            ||    23
   Stab: Sleeping          ||     1
 Armour: Robe              ||    19
  Dodge: Dodged            ||    12
